 Dungeon Crawl Stone Soup version 0.32-a0-418-g34023cf50c (webtiles) character file.

Game seed: 16236533725894265437

2 Asfel the Trooper (level 1, -2/18 HPs)
             Began as a Demonspawn Berserker on Feb 21, 2024.
             Was a Follower of Trog.
             Slain by a quokka (5 damage)
             ... on level 1 of the Dungeon.
             The game lasted 00:00:32 (34 turns).

Asfel the Trooper (Demonspawn Berserker)              Turns: 34, Time: 00:00:33

Health: -2/18      AC:  2    Str: 17    XL:     1   Next: 25%
Magic:  1/1        EV: 12    Int:  7    God:    Trog [*.....]
Gold:   5          SH:  0    Dex: 12    Spells: 0/0 levels left

rFire   . . .        a - +0 hand axe
rCold   . . .        (no shield)
rNeg    . . .        b - +0 animal skin
rPois   .            (no helmet)
rElec   .            (no cloak)
rCorr   .            (no gloves)
SInv    .            (no boots)
Will    .....        (no amulet)
Stlth   +            (no ring)
HPRegen 0.23/turn    (no ring)
MPRegen 0.07/turn

%: no passive effects
@: no status effects
A: no striking features
a: Renounce Religion, Berserk


You were on level 1 of the Dungeon.
You worshipped Trog.
Trog was aware of your devotion.
You visited 1 branch of the dungeon, and saw 1 of its levels.

You collected 5 gold pieces.

Inventory:

Hand Weapons
 a - a +0 hand axe (weapon)
Armour
 b - a +0 animal skin (worn)


   Skills:
 + Level 3.0 Fighting
 + Level 2.7 Axes
 + Level 1.7 Armour
 + Level 1.8 Dodging


You couldn't memorise any spells.
You didn't know any spells.
Your spell library was empty.

Dungeon Overview and Level Annotations

Branches:
Dungeon (1/15)

Altars:


Message History

There is a staircase leading out of the dungeon here.
You now have 5 gold pieces.
There is a staircase leading out of the dungeon here.
You see here a +0 dagger.
A kobold comes into view. It is wielding a +0 club.
The kobold shouts!
You hear a shout! x2
A kobold is nearby!
A kobold is nearby!
A kobold is nearby!
A quokka comes into view.
A quokka comes into view.
The kobold hits you but does no damage.
You hit the kobold.
You kill the kobold!
Trog accepts your kill.
You barely miss the quokka. The quokka barely misses you.
A goblin comes into view. It is wielding a +0 dagger.
The quokka closely misses you.
You barely miss the quokka. The quokka barely misses you. The quokka bites you.
You barely miss the quokka. The quokka bites you.
You hit the quokka.
The quokka is severely wounded.
The quokka misses you. The quokka bites you. The quokka barely misses you.
You barely miss the quokka.
The quokka is severely wounded.
You hit the quokka but do no damage. The quokka completely misses you.
The quokka bites you.
You completely miss the quokka.
The quokka is severely wounded.
You miss the quokka. The quokka bites you.
* * * LOW HITPOINT WARNING * * *
The quokka bites you.
* * * LOW HITPOINT WARNING * * *
The quokka barely misses you. The goblin barely misses you.
The quokka barely misses you.
You hit the quokka.
You kill the quokka!
Trog accepts your kill.
You hit the quokka. You hit the goblin but do no damage. The quokka bites you.
You die...

#.# #.# #.#
####.## #.....
###....##
#....r.g#
#.....@.#
#.......#
###...###.####
#...........####
##.#...........
#.####≈≈≈≈≈≈≈###
#.###≈≈≈≈≈≈≈≈≈≈#
#...#≈≈≈≈≈≈≈≈≈≈#
##.##≈≈≈~....≈≈#


You could see a quokka and a goblin.

Vanquished Creatures
  A kobold (D:1)
  A quokka (D:1)
2 creatures vanquished.

Notes
Turn   | Place    | Note
-------+----------+-------------------------------------------
     0 | D:1      | Asfel the Demonspawn Berserker began the quest for the Orb.
     0 | D:1      | Reached XP level 1. HP: 18/18 MP: 1/1
    34 | D:1      | Slain by a quokka

Illustrated notes

Levels and vault maps discovered:
D:1:      dpeg_arrival_pond, layout_loops_cross, serial_shops, shop,
          basic_ecumenical_altar

Action                     || total
---------------------------++-------
  Melee: Hand axe          ||     7
 Armour: Animal skin       ||     8
  Dodge: Dodged            ||     9

Table legend: (Time is in decaauts)
 A = Elapsed time spent in this place.
 B = Non-inter-level travel time spent in this place.
 C = Inter-level travel time spent in this place.
 D = Time resting spent in this place.
 E = Time spent auto-exploring this place.
 F = Levels seen in this place.
 G = Mean time per level.
                   A        B        C        D        E       F      G
               +--------+--------+--------+--------+--------+-----+--------+
         Total |     35 |     35 |      0 |      0 |     22 |   1 |   35.0 |
       Dungeon |     35 |     35 |      0 |      0 |     22 |   1 |   35.0 |
               +--------+--------+--------+--------+--------+-----+--------+

Top non-repeatable levels by time:
     D:1: 35 daAuts
